 Dungeon Crawl Stone Soup version 0.24-a0-201-gf205589 (webtiles) character file.

Game seed: 7933155936823456018

123 Borgoz the Stinger (level 5, -1/39 (40) HPs)
             Began as a Ghoul Venom Mage on Mar 24, 2019.
             Slain by an iguana (9 damage)
             ... on level 4 of the Dungeon.
             The game lasted 00:06:45 (3221 turns).

Borgoz the Stinger (Ghoul Venom Mage)               Turns: 3221, Time: 00:06:45

HP:   -1/39 (40)    AC:  6    Str: 12    XL:     5   Next: 7%
MP:   5/7           EV: 11    Int: 10    God:
Gold: 155           SH:  0    Dex: 10    Spells: 4/8 levels left

rFire    + . .     SeeInvis .   h - +0 short sword
rCold    + . .     Gourm    .   (no shield)
rNeg     + + +     Faith    .   g - +0 ring mail
rPois    ∞         Spirit   .   (no helmet)
rElec    .         Reflect  .   (no cloak)
rCorr    .         Harm     .   (no gloves)
MR       .....                  a - +0 pair of boots
Stlth    +.........             l - amulet of regeneration
HPRegen  0.00/turn              m - ring of protection from fire
MPRegen  0.10/turn              (no ring)

@: very slightly contaminated, rotting
A: rotting body, claws 1, carnivore, cold resistance 1, negative energy
resistance 3, inhibited regeneration, torment resistance, unbreathing
a: no special abilities


You were on level 4 of the Dungeon.
You were not hungry.

You visited 1 branch of the dungeon, and saw 4 of its levels.

You collected 155 gold pieces.

Inventory:

Hand Weapons
 h - a +0 short sword (weapon)
Missiles
 p - 4 silver tomahawks (quivered)
Armour
 a - a +0 pair of boots (worn)
 g - a +0 ring mail (worn)
Jewellery
 j - an uncursed ring of ice
 l - an amulet of regeneration (around neck)
 m - a ring of protection from fire (left claw)
Scrolls
 e - a scroll of fog
 f - 5 scrolls of teleportation
 i - 3 scrolls of blinking
 k - 3 scrolls of remove curse
 n - 3 scrolls of identify
Potions
 b - a potion of resistance
Comestibles
 c - 5 rations


   Skills:
 + Level 1.2 Fighting
 * Level 1.2 Short Blades
 * Level 1.6 Armour
 * Level 2.7 Dodging
 + Level 2.6 Stealth
 - Level 2.0 Spellcasting
 - Level 1.1 Conjurations
 - Level 0.5 Air Magic
 - Level 3.1 Poison Magic


You had 4 spell levels left.
You knew the following spells:

 Your Spells              Type           Power        Failure   Level  Hunger
a - Sting                 Conj/Pois      #...         28%         1    ##.....
b - Mephitic Cloud        Conj/Pois/Air  #.......     71%         3    ####...

Your spell library contained the following spells:

 Spells                   Type           Power        Failure   Level  Hunger
 Poisonous Vapours        Pois/Air       #.....       43%         2    ###....
 Olgreb's Toxic Radiance  Pois           #.......     88%         4    #####..
 Venom Bolt               Conj/Pois      #.........   100%        5    ######.


Dungeon Overview and Level Annotations

Branches:
Dungeon (4/15)
 Temple: D:4-7

Altars:


Innate Abilities, Weirdness & Mutations

Your body is rotting away.
You thrive on raw meat.
You are immune to poison.
You have sharp fingernails.
You are carnivorous and can eat meat at any time.
Your flesh is cold resistant. (rC+)
You are immune to negative energy. (rN+++)
You do not regenerate when monsters are visible.
You are immune to unholy pain and torment.
You can survive without breathing.


Message History

Aiming: Sting (safe; 28% risk of failure)
Press: ? - help, Shift-Dir - straight line, f/p - iguana
Aim: an iguana (heavily wounded)
You miscast Sting.
You are very lightly contaminated with residual magic.
Nothing appears to happen.
The iguana hisses menacingly.
The iguana bites you!
* * * LOW HITPOINT WARNING * * *
Okay, then.
Casting: Sting (safe; 28% risk of failure)
Confirm with . or Enter, or press ? or * to list all spells.
Aiming: Sting (safe; 28% risk of failure)
Press: ? - help, Shift-Dir - straight line, f/p - iguana
Aim: an iguana (heavily wounded)
The sting hits the iguana but does no damage.
The iguana is poisoned.
The iguana is heavily wounded.
The iguana bites you!
You die...

#########
##....@l.#
#....###.#
#..#.# #.#
######>.#.#
#.#
...>....#.#
#.#
#######.#.#
#.#
#....#..
#.###
####....###
#...#
#.......#
###.#


You could see an iguana.

Vanquished Creatures
  A centaur skeleton (D:4)
  3 adders
  A worm (D:3)
  3 dart slugs
  2 leopard geckos
  2 ball pythons (D:2)
  4 giant cockroaches
  7 goblins
  5 hobgoblins
  9 jackals
  5 kobolds
  4 bats
  6 frilled lizards
  3 rats
55 creatures vanquished.

Notes
Turn   | Place    | Note
-------+----------+-------------------------------------------
     0 | D:1      | Borgoz the Ghoul Venom Mage began the quest for the Orb.
     0 | D:1      | Reached XP level 1. HP: 14/14 MP: 2/2
   260 | D:1      | Reached XP level 2. HP: 12/22 MP: 3/3
   520 | D:1      | Reached skill level 1 in Armour
   751 | D:1      | Reached XP level 3. HP: 26/27 MP: 4/4
   963 | D:1      | Learned a level 3 spell: Mephitic Cloud
  1591 | D:2      | Reached skill level 1 in Fighting
  1915 | D:2      | Reached XP level 4. HP: 14/35 MP: 5/5
  2193 | D:2      | Reached skill level 1 in Conjurations
  2411 | D:3      | Reached skill level 1 in Short Blades
  2566 | D:4      | Noticed a phantom
  2725 | D:3      | Reached XP level 5. HP: 30/40 MP: 7/7
  3016 | D:4      | HP: 2/40 [phantom (1)]
  3221 | D:4      | Slain by an iguana

Levels and vault maps discovered:
D:1:      wander_arrival_chamber, layout_basic, st_stairs_6,
          minmay_stone_trees_small, minmay_heptomino_o4
D:2:      layout_loops_ring
D:3:      layout_basic, first_ration
D:4:      layout_basic, uniq_eustachio, uniq_edmund

Skill      XL: |  1  2  3  4 |
---------------+-------------+-----
Dodging        | 2 |  2.7
Armour         | 1 |  1.6
Fighting       | 1 |  1.2
Spellcasting   | 2 |  2.0
Conjurations   | 1 |  1.1
Short Blades   | 1 |  1.2
Stealth        | |  2.6
Air Magic      | |  0.5
Poison Magic   | |  3.1

Action                   |  1- 3 |  4- 6 || total
-------------------------+-------+-------++-------
Melee: Unarmed           |   181 |       ||   181
       Short sword       |    58 |   139 ||   197
 Cast: Sting             |    11 |     3 ||    14
  Use: Potion            |     3 |     1 ||     4
       Scroll            |     5 |     1 ||     6
  Eat: Chunk             |    19 |     7 ||    26
Armor: Leather armour    |    91 |     5 ||    96
       Ring mail         |       |    37 ||    37
Dodge: Dodged            |   191 |    72 ||   263

Table legend:
 A = Non-vault XP
 B = Vault XP
 C = Vault XP percentage of total XP
 D = Non-vault monster count
 E = Vault monster count
 F = Vault count percentage of total count
                 A         B        C        D         E       F
            +---------+---------+-------+---------+---------+-------
      Total |     169 |       7 |   4.0 |      51 |       4 |   7.3
            +---------+---------+-------+---------+---------+-------
        D:1 |      35 |       7 |  16.7 |      21 |       4 |  16.0
        D:2 |      63 |       0 |   0.0 |      19 |       0 |   0.0
        D:3 |      28 |       0 |   0.0 |       9 |       0 |   0.0
        D:4 |      43 |       0 |   0.0 |       2 |       0 |   0.0
            +---------+---------+-------+---------+---------+-------
